| TOP OF THE 1ST |
|
Chicago (APP) Cubs batting - Pitching for Missoula Osprey : LHP Cory Youngquist
|
|
Pitching: LHP Cory Youngquist
|
|
|
Batting: RHB Lencho Otieno
|
0-0: Ball 1-0: Foul Ball, location: 2F 1-1: Called Strike 1-2: Strikes out swinging
|
|
Batting: SHB Jim Lloyd
|
0-0: Ball 1-0: Ball 2-0: Called Strike 2-1: Ball 3-1: Called Strike 3-2: Strikes out swinging
|
|
Batting: RHB Andy Baumhardt
|
0-0: Ball 1-0: Ball 2-0: Called Strike 2-1: Foul Ball, location: 2F 2-2: Ball 3-2: Foul Ball, location: 2F 3-2: Foul Ball, location: 2F 3-2: Foul Ball, location: 2F 3-2: Base on Balls
|
|
Batting: LHB Jose Mafano
|
0-0: Ball 1-0: Ground out 4-3 (Groundball, 4, EV 76.9 MPH)
|
| Top of the 1st over - 0 runs, 0 hits, 0 errors, 1 left on base; Chicago (APP) 0 - Missoula 0 |
| BOTTOM OF THE 1ST |
|
Missoula Osprey batting - Pitching for Chicago (APP) Cubs : RHP Luis Solis
|
|
Pitching: RHP Luis Solis
|
|
|
Batting: RHB Isaiah Hampton
|
0-0: Called Strike 0-1: Called Strike 0-2: Ball 1-2: Foul Ball, location: 2F 1-2: Foul Ball, location: 2F 1-2: Strikes out swinging
|
|
Batting: LHB Danny Salas
|
0-0: Called Strike 0-1: Ball 1-1: Called Strike 1-2: Ball 2-2: Ball 3-2: Base on Balls
|
|
Batting: RHB Claude Leduc
|
0-0: Ball 1-0: Ball 2-0: Swinging Strike 2-1: Ball 3-1: Base on Balls Danny Salas to second
|
|
Batting: LHB Angelo Lira
|
0-0: Ball 1-0: DOUBLE (Flyball, 78D, EV 103.8 MPH) Danny Salas scores Claude Leduc to third
|
|
Batting: RHB David Powell
|
0-0: Ball 1-0: Foul Ball, location: 2F 1-1: Swinging Strike 1-2: Foul Ball, location: 2F 1-2: Ground out 6-3 (Groundball, 6, EV 83.8 MPH) Claude Leduc scores Angelo Lira to third
|
|
Batting: LHB Jalen Williams
|
0-0: Ball Wild Pitch! Angelo Lira scores 1-0: Ball 2-0: Ball 3-0: Base on Balls
|
|
Batting: RHB Shing Mah
|
0-0: Called Strike 0-1: Swinging Strike 0-2: Foul Ball, location: 2F 0-2: Strikes out swinging
|
| Bottom of the 1st over - 3 runs, 1 hit, 0 errors, 1 left on base; Chicago (APP) 0 - Missoula 3 |
| TOP OF THE 2ND |
|
Chicago (APP) Cubs batting - Pitching for Missoula Osprey : LHP Cory Youngquist
|
|
Batting: RHB Jorge Gonzalez
|
0-0: Ball 1-0: Ground out 5-3 (Groundball, 56, EV 103.1 MPH)
|
|
Batting: RHB Andy Villarreal
|
0-0: Foul Ball, location: 2F 0-1: Swinging Strike 0-2: Strikes out looking
|
|
Batting: SHB Rob Craft
|
0-0: Called Strike 0-1: Foul Ball, location: 2F 0-2: Strikes out swinging
|
| Top of the 2nd over - 0 runs, 0 hits, 0 errors, 0 left on base; Chicago (APP) 0 - Missoula 3 |
| BOTTOM OF THE 2ND |
|
Missoula Osprey batting - Pitching for Chicago (APP) Cubs : RHP Luis Solis
|
|
Batting: RHB Hector Tabares
|
0-0: Ball 1-0: Ball 2-0: Foul Ball, location: 2F 2-1: Foul Ball, location: 2F 2-2: Strikes out looking
|
|
Batting: LHB Adam Spence
|
0-0: Ball 1-0: Foul Ball, location: 2F 1-1: Fly out, F7 (Flyball, 7LD, EV 88.8 MPH)
|
|
Batting: RHB Isaiah Hampton
|
0-0: Ball 1-0: Fly out, F8 (Flyball, 8LM, EV 86.2 MPH)
|
| Bottom of the 2nd over - 0 runs, 0 hits, 0 errors, 0 left on base; Chicago (APP) 0 - Missoula 3 |
| TOP OF THE 3RD |
|
Chicago (APP) Cubs batting - Pitching for Missoula Osprey : LHP Cory Youngquist
|
|
Batting: LHB Wilhelm Myers
|
0-0: Foul Ball, location: 2F 0-1: Swinging Strike 0-2: Ball 1-2: Foul Ball, location: 2F 1-2: Foul Ball, location: 2F 1-2: Strikes out swinging
|
|
Batting: LHB Eddie Panagos
|
0-0: Called Strike 0-1: Called Strike 0-2: Ball 1-2: Ball 2-2: Strikes out swinging
|
|
Batting: RHB Lencho Otieno
|
0-0: Fly out, F9 (Flyball, 9LSF, EV 92.5 MPH)
|
| Top of the 3rd over - 0 runs, 0 hits, 0 errors, 0 left on base; Chicago (APP) 0 - Missoula 3 |
| BOTTOM OF THE 3RD |
|
Missoula Osprey batting - Pitching for Chicago (APP) Cubs : RHP Luis Solis
|
|
Batting: LHB Danny Salas
|
0-0: Bunt for hit to 2R - play at first, batter OUT! 2-3
|
|
Batting: RHB Claude Leduc
|
0-0: Fly out, F9 (Flyball, 89D, EV 86.9 MPH)
|
|
Batting: LHB Angelo Lira
|
0-0: Ball 1-0: Called Strike 1-1: Foul Ball, location: 2F 1-2: Reached on error, E1 (Groundball, 15S, EV 69.4 MPH)
|
|
Batting: RHB David Powell
|
0-0: Called Strike 0-1: Ball Angelo Lira steals 2nd base 1-1: Ball 2-1: Ball Passed Ball! Angelo Lira to third 3-1: Swinging Strike 3-2: Fly out, F9 (Flyball, 9D, EV 90.0 MPH)
|
| Bottom of the 3rd over - 0 runs, 0 hits, 1 error, 1 left on base; Chicago (APP) 0 - Missoula 3 |
| TOP OF THE 4TH |
|
Chicago (APP) Cubs batting - Pitching for Missoula Osprey : LHP Cory Youngquist
|
|
Batting: SHB Jim Lloyd
|
0-0: Ball 1-0: Ball 2-0: Ball 3-0: Base on Balls
|
|
Batting: RHB Andy Baumhardt
|
0-0: 2-RUN HOME RUN (Flyball, 78XD, EV 115.0 MPH), Distance : 426 ft
|
|
Batting: LHB Jose Mafano
|
0-0: Called Strike 0-1: Swinging Strike 0-2: Ball 1-2: Fly out, F9 (Line Drive, 89M, EV 91.2 MPH)
|
|
Batting: RHB Jorge Gonzalez
|
0-0: Foul Ball, location: 2F 0-1: SOLO HOME RUN (Flyball, 78XD, EV 107.5 MPH), Distance : 418 ft
|
|
Batting: RHB Andy Villarreal
|
0-0: Swinging Strike 0-1: Ball 1-1: Called Strike 1-2: Ball 2-2: Foul Ball, location: 2F 2-2: Ball 3-2: SINGLE (Groundball, 34S, EV 73.1 MPH) (infield hit)
|
|
Batting: SHB Rob Craft
|
0-0: Ball 1-0: Ball 2-0: Swinging Strike 2-1: Fly out, F9 (Flyball, 89D, EV 100.6 MPH)
|
|
Batting: LHB Wilhelm Myers
|
0-0: Called Strike 0-1: Ball 1-1: Called Strike 1-2: Foul Ball, location: 2F 1-2: Strikes out looking
|
| Top of the 4th over - 3 runs, 3 hits, 0 errors, 1 left on base; Chicago (APP) 3 - Missoula 3 |
| BOTTOM OF THE 4TH |
|
Missoula Osprey batting - Pitching for Chicago (APP) Cubs : RHP Luis Solis
|
|
Batting: LHB Jalen Williams
|
0-0: SINGLE (Flyball, 7LS, EV 97.5 MPH)
|
|
Batting: RHB Shing Mah
|
0-0: Ball Wild Pitch! Jalen Williams to second 1-0: Ball 2-0: Called Strike 2-1: Ball 3-1: Base on Balls
|
|
Batting: RHB Hector Tabares
|
0-0: Ball Passed Ball! Jalen Williams to third Shing Mah to second 1-0: Called Strike 1-1: Ground out 5-3 (Groundball, 5, EV 85.0 MPH)
|
|
Batting: LHB Adam Spence
|
0-0: Fly out, F8 (Flyball, 8RD, EV 88.8 MPH) Runner from 3rd tags up, SCORES, throw by CF
|
|
Batting: RHB Isaiah Hampton
|
0-0: Foul Ball, location: 2F 0-1: Swinging Strike 0-2: Ball 1-2: Foul Ball, location: 2F 1-2: Ball 2-2: DOUBLE (Line Drive, 7LS, EV 95.6 MPH) Shing Mah scores
|
|
Pitching: RHP Man-keung Li
|
|
|
Batting: LHB Danny Salas
|
0-0: Foul Ball, location: 2F 0-1: Ball 1-1: Foul Ball, location: 2F 1-2: Ball Wild Pitch! Isaiah Hampton to third 2-2: TRIPLE (Flyball, 89XD, EV 101.2 MPH) Isaiah Hampton scores
|
|
Batting: RHB Claude Leduc
|
0-0: Called Strike 0-1: Ball Wild Pitch! Danny Salas scores 1-1: SOLO HOME RUN (Flyball, 78XD, EV 105.6 MPH), Distance : 420 ft
|
|
Batting: LHB Angelo Lira
|
0-0: Ball 1-0: Ball 2-0: Fly out, F5 (Line Drive, 5L, EV 68.1 MPH)
|
| Bottom of the 4th over - 5 runs, 4 hits, 0 errors, 0 left on base; Chicago (APP) 3 - Missoula 8 |
| TOP OF THE 5TH |
|
Chicago (APP) Cubs batting - Pitching for Missoula Osprey : LHP Cory Youngquist
|
|
Batting: LHB Eddie Panagos
|
0-0: Called Strike 0-1: Swinging Strike 0-2: Ball 1-2: Ball 2-2: Strikes out swinging
|
|
Batting: RHB Lencho Otieno
|
0-0: Ground out 6-3 (Groundball, 6, EV 85.0 MPH)
|
|
Batting: SHB Jim Lloyd
|
0-0: Ground out 5-3 (Groundball, 56, EV 111.2 MPH)
|
| Top of the 5th over - 0 runs, 0 hits, 0 errors, 0 left on base; Chicago (APP) 3 - Missoula 8 |
| BOTTOM OF THE 5TH |
|
Missoula Osprey batting - Pitching for Chicago (APP) Cubs : RHP Man-keung Li
|
|
Batting: RHB David Powell
|
0-0: SOLO HOME RUN (Line Drive, 7LD, EV 100.6 MPH), Distance : 375 ft
|
|
Batting: LHB Jalen Williams
|
0-0: Called Strike 0-1: Swinging Strike 0-2: Ball 1-2: SINGLE (Groundball, 34D, EV 109.4 MPH)
|
|
Batting: RHB Shing Mah
|
0-0: Grounds into double play, 5-4-3 (Groundball, 56, EV 88.1 MPH)
|
|
Batting: RHB Hector Tabares
|
0-0: Called Strike 0-1: Swinging Strike 0-2: Ball 1-2: Foul Ball, location: 2F 1-2: Ball 2-2: Foul Ball, location: 2F 2-2: Ball 3-2: Foul Ball, location: 2F 3-2: Strikes out swinging
|
| Bottom of the 5th over - 1 run, 2 hits, 0 errors, 0 left on base; Chicago (APP) 3 - Missoula 9 |
| TOP OF THE 6TH |
|
Chicago (APP) Cubs batting - Pitching for Missoula Osprey : LHP Cory Youngquist
|
|
Batting: RHB Andy Baumhardt
|
0-0: Ball 1-0: Ball 2-0: Swinging Strike 2-1: Foul Ball, location: 2F 2-2: Foul Ball, location: 2F 2-2: Ground out 5-3 (Groundball, 56, EV 86.2 MPH)
|
|
Batting: LHB Jose Mafano
|
0-0: Called Strike 0-1: Ball 1-1: Foul Ball, location: 2F 1-2: Strikes out swinging
|
|
Batting: RHB Jorge Gonzalez
|
0-0: Called Strike 0-1: Ball 1-1: Foul Ball, location: 2F 1-2: Ball 2-2: Strikes out swinging
|
| Top of the 6th over - 0 runs, 0 hits, 0 errors, 0 left on base; Chicago (APP) 3 - Missoula 9 |
| BOTTOM OF THE 6TH |
|
Missoula Osprey batting - Pitching for Chicago (APP) Cubs : RHP Man-keung Li
|
|
Batting: LHB Adam Spence
|
0-0: Called Strike 0-1: Foul Ball, location: 2F 0-2: Ball 1-2: Ball 2-2: Strikes out swinging
|
|
Batting: RHB Isaiah Hampton
|
0-0: SINGLE (Groundball, 6MD, EV 95.6 MPH)
|
|
Batting: LHB Danny Salas
|
0-0: Ball Wild Pitch! Isaiah Hampton to second 1-0: Foul Ball, location: 2F 1-1: Ball Passed Ball! Isaiah Hampton to third 2-1: Foul Ball, location: 2F 2-2: Ball 3-2: 2-RUN HOME RUN (Line Drive, 9LD, EV 100.0 MPH), Distance : 386 ft
|
|
Pitching: RHP Joshua Vincent
|
|
|
Batting: RHB Claude Leduc
|
0-0: Ball 1-0: Called Strike 1-1: Ball 2-1: Ball 3-1: Called Strike 3-2: Foul Ball, location: 2F 3-2: Strikes out looking
|
|
Batting: LHB Angelo Lira
|
0-0: Ball 1-0: Foul Ball, location: 2F 1-1: Foul Ball, location: 2F 1-2: Strikes out swinging
|
| Bottom of the 6th over - 2 runs, 2 hits, 0 errors, 0 left on base; Chicago (APP) 3 - Missoula 11 |
| TOP OF THE 7TH |
|
Chicago (APP) Cubs batting - Pitching for Missoula Osprey : LHP Cory Youngquist
|
|
Batting: RHB Andy Villarreal
|
0-0: Swinging Strike 0-1: Swinging Strike 0-2: Ball 1-2: Strikes out swinging
|
|
Batting: SHB Rob Craft
|
0-0: Ball 1-0: Ball 2-0: Foul Ball, location: 2F 2-1: Swinging Strike 2-2: Ball 3-2: Base on Balls
|
|
Pitching: RHP Daryl Blair
|
|
|
Batting: LHB Wilhelm Myers
|
0-0: Bunt missed! 0-1: Bunt missed! 0-2: Bunt missed, Strikeout!
|
|
Batting: LHB Eddie Panagos
|
0-0: Ground out 4-3 (Groundball, 34D, EV 100.6 MPH)
|
| Top of the 7th over - 0 runs, 0 hits, 0 errors, 1 left on base; Chicago (APP) 3 - Missoula 11 |
| BOTTOM OF THE 7TH |
|
Missoula Osprey batting - Pitching for Chicago (APP) Cubs : RHP Joshua Vincent
|
|
Batting: RHB David Powell
|
0-0: Swinging Strike 0-1: Ball 1-1: Called Strike 1-2: Foul Ball, location: 2F 1-2: Fly out, F7 (Flyball, 7D, EV 88.8 MPH)
|
|
Batting: LHB Jalen Williams
|
0-0: Ball 1-0: Ball 2-0: Called Strike 2-1: Called Strike 2-2: Foul Ball, location: 2F 2-2: Strikes out looking
|
|
Batting: RHB Shing Mah
|
0-0: Ball 1-0: Foul Ball, location: 2F 1-1: Foul Ball, location: 2F 1-2: Strikes out looking
|
| Bottom of the 7th over - 0 runs, 0 hits, 0 errors, 0 left on base; Chicago (APP) 3 - Missoula 11 |
| TOP OF THE 8TH |
|
Chicago (APP) Cubs batting - Pitching for Missoula Osprey : RHP Daryl Blair
|
|
Batting: RHB Lencho Otieno
|
0-0: Called Strike 0-1: Foul Ball, location: 2F 0-2: Ball 1-2: Ball 2-2: Strikes out looking
|
|
Batting: SHB Jim Lloyd
|
0-0: Ball 1-0: Foul Ball, location: 2F 1-1: Foul Ball, location: 2F 1-2: DOUBLE (Line Drive, 9LD, EV 110.6 MPH)
|
|
Batting: RHB Andy Baumhardt
|
0-0: Called Strike 0-1: Fly out, F7 (Flyball, 7D, EV 93.8 MPH) Runner from 2nd tags up, SAFE at 3rd, no throw by LF
|
|
Batting: LHB Jose Mafano
|
0-0: Called Strike 0-1: Foul Ball, location: 2F 0-2: Strikes out swinging
|
| Top of the 8th over - 0 runs, 1 hit, 0 errors, 1 left on base; Chicago (APP) 3 - Missoula 11 |
| BOTTOM OF THE 8TH |
|
Missoula Osprey batting - Pitching for Chicago (APP) Cubs : RHP Joshua Vincent
|
|
Pinch Hitting: RHB Devon House
|
0-0: Reached on error, E9 (Line Drive, 89M, EV 110.6 MPH)
|
|
Batting: LHB Adam Spence
|
0-0: Foul Ball, location: 2F 0-1: Swinging Strike 0-2: Ball 1-2: Ball 2-2: Strikes out swinging
|
|
Pitching: RHP Mike Reusch
|
|
|
Pinch Hitting: RHB Dave Beerman
|
0-0: Called Strike 0-1: Ball 1-1: 2-RUN HOME RUN (Flyball, 7LD, EV 98.8 MPH), Distance : 373 ft
|
|
Pinch Hitting: RHB Edwin Romero
|
0-0: Ball 1-0: Foul Ball, location: 2F 1-1: Foul Ball, location: 2F 1-2: Ball 2-2: Fly out, F4 (Popup, 4S, EV 78.1 MPH)
|
|
Batting: RHB Claude Leduc
|
0-0: Ball 1-0: Ground out 6-3 (Groundball, 6, EV 87.5 MPH)
|
| Bottom of the 8th over - 2 runs, 1 hit, 1 error, 0 left on base; Chicago (APP) 3 - Missoula 13 |
| TOP OF THE 9TH |
|
Chicago (APP) Cubs batting - Pitching for Missoula Osprey : RHP Daryl Blair
|
|
Now at 3B: Devon House
|
|
|
Now in LF: Adam Spence
|
|
|
Now in CF: Hyeok Shon
|
|
|
Now in RF: Dave Beerman
|
|
|
Batting: RHB Jorge Gonzalez
|
0-0: Called Strike 0-1: Foul Ball, location: 2F 0-2: Hit by Pitch
|
|
Batting: RHB Andy Villarreal
|
0-0: Foul Ball, location: 2F 0-1: SINGLE (Groundball, P, EV 81.2 MPH) (infield hit) Jorge Gonzalez to second
|
|
Batting: SHB Rob Craft
|
0-0: SINGLE (Groundball, 6M, EV 108.8 MPH) (infield hit) Jorge Gonzalez to third Andy Villarreal to second
|
|
Batting: LHB Wilhelm Myers
|
0-0: Ball 1-0: Foul Ball, location: 2F 1-1: Ball 2-1: Ball 3-1: Swinging Strike 3-2: Fielders Choice at 2nd, 4-6 (Groundball, 4, EV 89.4 MPH) Jorge Gonzalez scores Andy Villarreal to third
|
|
Batting: LHB Eddie Panagos
|
0-0: Called Strike 0-1: Ball 1-1: Foul Ball, location: 2F 1-2: Ball 2-2: Foul Ball, location: 2F 2-2: Strikes out swinging
|
|
Batting: RHB Lencho Otieno
|
0-0: Called Strike 0-1: Ball 1-1: Ball 2-1: Swinging Strike 2-2: Ball 3-2: Strikes out looking
|
| Top of the 9th over - 1 run, 2 hits, 0 errors, 2 left on base; Chicago (APP) 4 - Missoula 13 |
|